 Dungeon Crawl Stone Soup version 0.28.0-53-g5a82cb258f (webtiles) character file.

Game seed: 14949070934308308442

129 Sin92 the Magician (level 4, -21/32 HPs)
             Began as a Demonspawn Hedge Wizard on July 12, 2022.
             Killed from afar by an oklob plant (27 damage)
             ... with a splash of acid
             ... created by the enmity of Fedhas Madash
             ... on level 4 of the Dungeon.
             The game lasted 00:06:25 (2965 turns).

Sin92 the Magician (Demonspawn Hedge Wizard)        Turns: 2965, Time: 00:06:25

Health: -21/32     AC:  2    Str: 10    XL:     4   Next: 88%
Magic:  9/9        EV: 12    Int: 15    God:
Gold:   154        SH:  5    Dex: 22    Spells: 6/10 levels left

rFire   . . .      SeeInvis .   a - +0 dagger (protect)
rCold   . . .      Faith    .   (no shield)
rNeg    . . .      Spirit   .   h - +1 leather armour of Diligehu {Regen+ Dex+7}
rPois   .          Reflect  +   c - +0 hat
rElec   .          Harm     .   (no cloak)
rCorr   .          Rampage  .   (no gloves)
Will    .....                   (no boots)
Stlth   ++........              i - amulet of reflection
HPRegen 0.90/turn               (no ring)
MPRegen 0.11/turn               (no ring)

@: corroded
A: claws 1, yellow scales 1, demonic magic 1
a: no special abilities


You were on level 4 of the Dungeon.
You visited 1 branch of the dungeon, and saw 4 of its levels.

You collected 154 gold pieces.

Inventory:

Hand Weapons
 a - a +0 dagger of protection (weapon)
Armour
 b - a +0 robe
 c - a +0 hat (worn)
 h - the +1 leather armour of Diligehu (worn) {Regen+ Dex+7}
   (You found it on level 2 of the Dungeon)

   Dex:       It affects your dexterity (+7).
   Regen:     It increases your rate of health regeneration.
 k - a +1 robe of resistance
Jewellery
 i - an amulet of reflection (around neck)
Scrolls
 d - a scroll of immolation
 l - a scroll of identify
Potions
 e - 2 potions of mutation {unknown}
 f - a potion of invisibility
 g - a potion of might {unknown}
 j - a potion of berserk rage {unknown}


   Skills:
 + Level 1.2 Fighting
 + Level 1.4 Short Blades
 + Level 2.3 Dodging
 + Level 2.4 Stealth
 * Level 3.5 Spellcasting
 + Level 1.6 Conjurations
 - Level 1.0 Summonings
 + Level 1.6 Translocations


You had 6 spell levels left.
You knew the following spells:

 Your Spells              Type           Power      Damage    Failure   Level
a - Magic Dart            Conj           28%        1d4       13%         1
b - Blink                 Tloc           14%        N/A       21%         2
c - Slow                  Hex            8%         N/A       26%         1

Your spell library contained the following spells:

 Spells                   Type           Power      Damage    Failure   Level
 Summon Small Mammal      Summ           20%        N/A       17%         1
 Animate Skeleton         Necr           4%         N/A       26%         1
 Pain                     Necr           8%         1d4       26%         1
 Call Imp                 Summ           5%         N/A       26%         2
 Corpse Rot               Necr/Air       4%         N/A       36%         2
 Poisonous Vapours        Pois/Air       4%         N/A       36%         2
 Call Canine Familiar     Summ           5%         N/A       45%         3
 Conjure Flame            Conj/Fire      5%         6-21      50%         3
 Mephitic Cloud           Conj/Pois/Air  4%         N/A       52%         3
 Summon Guardian Golem    Hex/Summ       4%         N/A       54%         3
 Vampiric Draining        Necr           2%         2d6       61%         3


Dungeon Overview and Level Annotations

Branches:
Dungeon (4/15)
 Temple: D:4-7

Altars:
Cheibriados
Kikubaaqudgha
Nemelex Xobeh
Ru

Annotations:
D:4 exclusion: 2 oklob plants


Innate Abilities, Weirdness & Mutations

You have sharp fingernails.
You are partially covered in yellow scales. (AC +2)
Spells you cast may paralyse adjacent enemies.


Message History

A ball python comes into view.
The ball python hisses angrily.
A ball python is nearby!
A ball python is nearby!
Found a scroll of identify.
The ball python closely misses you. The ball python grabs you.
The ball python constricts you.
A ball python is nearby!
You barely miss the ball python. You claw the ball python.
You kill the ball python!
No target in view!
Unknown command.
No target in view!
Unknown command.
No target in view!
l - a scroll of identify No target in view!
You open the door.
There is an open door here.
You open the door.
There is an open door here.
Nemelex Xobeh makes you draw from the deck of Punishment.
You draw a card...
You have drawn Wrath.
Plants grow around you in an ominous manner.
Marking area around 2 oklob plants as unsafe for travelling. 2 oklob plants come into view.
Really read the scroll of immolation?
As you read the scroll of immolation, it crumbles to dust.
The creatures around you are filled with an inner flame!
Marking area around 2 oklob plants as unsafe for travelling.
The oklob plant spits acid at you. The splash of acid hits you!!
Ouch! That really hurt!
* * * LOW HITPOINT WARNING * * *
The acid corrodes you!
The wandering mushroom barely misses you.
Unknown command.
The oklob plant spits acid at you. The splash of acid hits you!!
Ouch! That really hurt!
You die...

..........# #........
..........#+##.....#+#
+#####'#.......[..#
#..#.....###+##
#..#.....+ #..#.....#
##f#.....# ##..#.....#
+@.P#.....#
#fP.#.....#
#..f+.....#
#...#.....# ###+#


You could see 2 oklob plants and 3 wandering mushrooms.

Vanquished Creatures
  An orc priest (D:4)
  An orc wizard (D:3)
  A white imp (D:3)
  An adder skeleton (D:4)
  A worm (D:3)
  2 dart slugs
  5 orcs
  7 ball pythons
  3 bat zombies (D:3)
  4 endoplasms
  3 giant cockroaches
  7 goblins
  2 hobgoblins (D:2)
  4 kobolds
  A quokka (D:1)
  4 bats (D:1)
  3 frilled lizards
  A rat (D:1)
51 creatures vanquished.

Notes
Turn   | Place    | Note
-------+----------+-------------------------------------------
     0 | D:1      | Sin92 the Demonspawn Hedge Wizard began the quest for the
                  | Orb.
     0 | D:1      | Reached XP level 1. HP: 13/13 MP: 4/4
   147 | D:1      | Reached skill level 1 in Translocations
   270 | D:1      | Found a faded altar of an unknown god.
   274 | D:1      | Gained mutation: Spells you cast may paralyse adjacent
                  | enemies. [demonic ancestry]
   274 | D:1      | Reached XP level 2. HP: 20/20 MP: 3/6
   300 | D:1      | Prayed at the altar of an unknown god.
   300 | D:1      | Became a worshipper of Nemelex Xobeh the Trickster
   300 | D:1      | Reached * piety under Nemelex Xobeh
   300 | D:1      | Received a gift from Nemelex Xobeh
   301 | D:1      | Fell from the grace of Nemelex Xobeh
  1305 | D:2      | Identified the +1 leather armour of Diligehu {Regen+ Dex+7}
  1512 | D:2      | Gained mutation: You have sharp fingernails. [demonic
                  | ancestry]
  1512 | D:2      | Reached XP level 3. HP: 25/25 MP: 4/7
  1982 | D:3      | Found a snail-covered altar of Cheibriados.
  1994 | D:3      | Reached skill level 1 in Short Blades
  2202 | D:3      | Identified a scroll of acquirement
  2202 | D:3      | Acquired an amulet of reflection
  2291 | D:3      | Reached skill level 1 in Fighting
  2291 | D:3      | Gained mutation: You are partially covered in yellow
                  | scales. (AC +2) [demonic ancestry]
  2291 | D:3      | Reached XP level 4. HP: 26/32 MP: 7/9
  2386 | D:3      | Found a sacrificial altar of Ru.
  2505 | D:3      | Found an ancient bone altar of Kikubaaqudgha.
  2787 | D:4      | Learned a level 2 spell: Blink
  2789 | D:4      | Learned a level 1 spell: Slow
  2963 | D:4      | Noticed a wandering mushroom
  2963 | D:4      | Noticed an oklob plant
  2963 | D:4      | Noticed an oklob plant
  2963 | D:4      | Noticed a wandering mushroom
  2963 | D:4      | Noticed a wandering mushroom
  2965 | D:4      | Killed from afar by an oklob plant

Illustrated notes

Levels and vault maps discovered:
D:1:      dpeg_arrival_arbitrary_a, layout_rooms,
          hellmonk_ecumenical_altar_blasted, hangedman_decor_points
D:2:      layout_loops_cross
D:3:      layout_basic, lemuel_coloured_pillars_altar, amcnicky_altar_gilded,
          lemuel_zombie_altar_kikubaaqudgha, minmay_surrounded
D:4:      layout_gridville

Skill      XL: |  1  2  3 |
---------------+----------+-----
Translocations | 1 |  1.6
Stealth        | 2 |  2.4
Dodging        | 2 |  2.3
Short Blades   | 1 |  1.4
Fighting       | 1 |  1.2
Spellcasting   | |  3.5
Conjurations   | |  1.6
Summonings     | |  1.0

Action                   |  1- 3 |  4- 6 || total
-------------------------+-------+-------++-------
Melee: Dagger            |   159 |    70 ||   229
       Punch             |     2 |     1 ||     3
 Cast: Magic Dart        |    39 |    11 ||    50
Invok: Renounce Religion |     1 |       ||     1
  Use: Scroll            |     5 |     2 ||     7
 Stab: Sleeping          |     3 |       ||     3
       Paralysed         |     1 |       ||     1
Armor: Robe              |    15 |       ||    15
       Leather armour    |    37 |    28 ||    65
Dodge: Dodged            |    59 |    47 ||   106
Block: Other             |     5 |    18 ||    23
